Map: Blackpink LE

Players

Solar - Winner!

  • Race: Zerg Zerg
  • League: Master
  • Spawn Location: 7:00

Hurricane

  • Race: Protoss Protoss
  • League: Master
  • Spawn Location: 1:00

Event: Memes & Dreams Invitational

VOD

Have the link to the VOD?

Description

Time

  • Played on: April 12, 2018, 11:44 p.m.
  • Length: 9:12

All games in this series

Show
View Real Time Build Order
Export as new Build Order

Solar Zerg - Winner!

Build Orders: Hatch First 

Get SALT Encoding   

  12  0:01  Drone  
  13  0:12  Overlord  
  13  0:17  Drone  
  14  0:30  Drone x2  
  16  0:47  Hatchery  
  15  0:51  Drone  
  15  0:54  Drone  
  17  0:57  Drone  
  18  1:04  Extractor  
  17  1:14  Spawning Pool  
  17  1:16  Drone  
  17  1:20  Drone  
  18  1:28  Drone  
  19  1:38  Drone  
  20  1:50  Hatchery  
  19  1:59  Drone  
  20  2:01  Queen  
  20  2:08  Metabolic Boost  
  22  2:12  Drone  
  23  2:16  Drone  
  23  2:18  Drone  
  25  2:24  Overlord  
  25  2:28  Drone  
  26  2:34  Queen  
  28  2:43  Zergling x4  
  30  2:44  Drone x2  
  30  2:47  Drone  
  33  2:53  Zergling x2  
  33  2:55  Zergling x2  
  35  3:03  Queen  
  35  3:04  Drone  
  38  3:05  Zergling x2  
  38  3:07  Drone  
  38  3:09  Drone  
  38  3:10  Drone x2  
  41  3:13  Drone  
  41  3:18  Overlord  
  42  3:21  Overlord  
  42  3:28  Extractor  
  42  3:29  Drone  
  42  3:30  Drone  
  41  3:36  Drone x2  
  41  3:37  Drone  
  41  3:38  Drone  
  41  3:40  Spore Crawler  
  45  3:41  Spore Crawler  
  45  3:44  Spore Crawler  
  45  3:47  Drone x2  
  45  3:48  Drone  
  46  3:52  Lair  
  46  3:54  Drone  
  48  3:55  Drone  
  48  3:59  Overlord  
  48  4:04  Drone  
  48  4:05  Drone  
  48  4:07  Drone  
  48  4:09  Drone  
  51  4:11  Drone  
  51  4:12  Drone x3  
  51  4:15  Extractor  
  51  4:16  Drone x2  
  51  4:17  Extractor  
  55  4:19  Drone  
  55  4:21  Drone x2  
  58  4:24  Overlord  
  58  4:29  Drone  
  57  4:33  Drone, Overlord  
  57  4:36  Overlord  
  58  4:40  Overlord  
  58  4:43  Extractor  
  58  4:44  Drone x3  
  60  4:48  Zergling x8  
  60  4:50  Hydralisk Den  
  60  4:51  Zergling x2  
  60  4:52  Zergling x4  
  66  4:53  Zergling x2  
  66  4:54  Overseer  
  66  4:59  Drone  
  68  5:04  Extractor  
  68  5:06  Drone  
  67  5:07  Zergling x2  
  67  5:12  Drone x3  
  71  5:17  Drone, Overlord  
  71  5:19  Grooved Spines  
  71  5:21  Hydralisk x4  
  72  5:24  Overlord  
  79  5:28  Hydralisk x2  
  79  5:31  Hydralisk  
  79  5:34  Hydralisk  
  83  5:39  Hydralisk  
  83  5:41  Hydralisk  
  85  5:46  Hydralisk  
  87  5:52  Overlord  
  87  5:54  Hydralisk, Overlord  
  87  5:55  Hydralisk  
  91  5:58  Zergling x6  
  91  5:59  Baneling Nest  
  95  6:07  Hydralisk  
  95  6:08  Hydralisk  
  95  6:10  Overlord  
  94  6:13  Hydralisk x2  
  98  6:21  Overlord  
  98  6:23  Drone  
  99  6:26  Hydralisk x2  
  99  6:29  Drone, Zergling x2  
  99  6:30  Zergling x8  
  99  6:31  Muscular Augments  
  109  6:33  Overlord  
  109  6:36  Hydralisk x2  
  113  6:45  Hydralisk  
  113  6:46  Zergling x8  
  119  6:48  Overlord  
  119  6:53  Zergling x8  
  121  6:58  Baneling  
  121  6:59  Baneling x5  
  121  7:00  Baneling  
  121  7:01  Baneling  
  121  7:02  Zergling x2  
  121  7:05  Zergling x4  
  121  7:08  Zergling x6  
  127  7:10  Overseer  
  127  7:15  Hydralisk x2  
  127  7:17  Hydralisk  
  127  7:19  Baneling x3  
  127  7:20  Baneling  
  127  7:21  Zergling x2  
  127  7:22  Zergling x2  
  135  7:24  Zergling x2  
  135  7:27  Queen  
  131  7:32  Zergling x2  
  131  7:34  Hydralisk  
  131  7:35  Zergling x2  
  127  7:38  Zergling x2  
  127  7:39  Zergling x2  
  127  7:40  Zergling x2  
  127  7:43  Zergling x2  
  129  7:45  Hydralisk  
  129  7:50  Hydralisk  
  130  7:53  Zergling x2  
  130  7:54  Zergling x6  
  130  7:57  Hydralisk  
  131  8:01  Hydralisk  
  131  8:05  Hydralisk  
  130  8:06  Hydralisk  
  130  8:12  Zergling x2  
  131  8:13  Zergling x4  
  131  8:19  Overseer  
  133  8:22  Drone x3  
  133  8:24  Lurker Den  
  133  8:25  Extractor  
  134  8:31  Drone x3  
  137  8:39  Overlord x3  
  131  8:49  Drone x5  
  131  8:51  Drone, Evolution Chamber  
  131  8:52  Drone, Overlord  
  131  8:53  Overlord  
Show
View Real Time Build Order
Export as new Build Order

Hurricane Protoss 

Build Orders: 1 Gate Expand, Oracle Opening, Phoenix Opening, Zealot Archon, Archon Drop 

Get SALT Encoding   

  12  0:00  Probe  
  13  0:12  Probe  
  14  0:18  Pylon  
  14  0:24  Probe (Chrono Boost)  
  15  0:37  Probe (Chrono Boost)  
  15  0:38  Gateway  
  16  0:45  Probe (Chrono Boost)  
  16  0:47  Assimilator  
  17  0:51  Probe  
  18  1:03  Probe  
  19  1:15  Probe  
  20  1:24  Nexus  
  20  1:34  Cybernetics Core  
  20  1:39  Probe  
  21  1:44  Assimilator  
  21  1:51  Probe  
  21  1:53  Pylon  
  22  2:03  Probe  
  23  2:09  Adept (Chrono Boost)  
  23  2:15  Probe  
  26  2:18  Stargate  
  26  2:28  Probe (Chrono Boost), Warp Gate  
  27  2:30  Adept (Chrono Boost)  
  27  2:36  Probe (Chrono Boost)  
  31  2:45  Probe x2 (Chrono Boost)  
  31  2:50  Probe (Chrono Boost), Adept  
  32  2:51  Probe  
  36  3:03  Probe x2  
  36  3:04  Oracle (Chrono Boost)  
  41  3:15  Probe x2  
  41  3:17  Pylon  
  43  3:25  Assimilator  
  44  3:27  Probe  
  44  3:28  Probe  
  45  3:39  Probe, Phoenix, Assimilator  
  45  3:40  Probe  
  45  3:42  Gateway  
  45  3:50  Robotics Facility  
  45  3:51  Probe  
  45  3:55  Probe  
  47  4:01  Twilight Council  
  47  4:03  Probe  
  46  4:12  Probe  
  46  4:15  Probe  
  47  4:21  Gateway  
  46  4:24  Gateway  
  46  4:29  Probe  
  46  4:32  Probe  
  46  4:34  Warp Prism (Chrono Boost)  
  46  4:38  Pylon  
  49  4:40  Zealot  
  49  4:43  Probe  
  52  4:46  Probe  
  52  4:51  Templar Archives, Charge  
  53  4:56  Probe  
  53  4:59  Probe  
  55  5:03  Observer  
  56  5:13  Nexus  
  56  5:16  Pylon  
  56  5:18  Probe  
  56  5:19  Probe  
  58  5:31  Probe x2  
  58  5:32  High Templar  
  62  5:36  High Templar x3  
  62  5:39  Shield Battery  
  62  5:40  Archon x2  
  68  5:45  Forge  
  68  5:48  Pylon  
  68  5:58  Probe  
  68  5:59  Shield Battery  
  68  6:05  Zealot  
  70  6:12  Probe  
  70  6:13  Zealot x2  
  70  6:14  Sentry  
  70  6:15  Immortal  
  75  6:19  Gateway  
  75  6:20  Gateway  
  75  6:22  Gateway  
  75  6:23  Protoss Ground Weapons Level 1 (Chrono Boost)  
  79  6:26  Gateway  
  79  6:28  Probe x3  
  82  6:35  Zealot x2  
  86  6:40  Psionic Storm  
  86  6:43  Probe  
  86  6:46  Probe  
  89  6:47  Probe  
  89  7:00  Assimilator  
  91  7:02  Assimilator  
  91  7:05  Pylon x2  
  92  7:11  Pylon, Shield Battery  
  92  7:12  High Templar x2  
  92  7:13  Shield Battery  
  93  7:18  Archon  
  93  7:20  Shield Battery  
  93  7:21  Shield Battery  
  93  7:23  Sentry x2  
  93  7:27  Immortal (Chrono Boost)  
  101  7:34  Zealot x4  
  95  7:49  High Templar x2  
  95  7:50  Zealot x2  
  90  7:59  High Templar  
  90  8:00  Zealot x2  
  84  8:10  High Templar  
  79  8:20  Zealot x3  
  79  8:24  Pylon  
  79  8:27  Pylon x2  
  83  8:44  Probe x2  
  83  8:50  Nexus  
  83  8:51  High Templar x2  
  83  8:52  Zealot  
  83  8:53  High Templar  
  83  8:55  Pylon  
  91  8:56  Probe x2  
  91  8:58  Pylon  
  87  9:04  Zealot x4  
  87  9:08  Archon  
Tags
 
Add a new tag
Caveats
  • Supply blocks, unpowered buildings, or Contaminate may cause inaccurate times.
  • Supply counts are checked every 10 seconds.